 Dungeon Crawl Stone Soup version 0.28.0-47-ge53b351184 (webtiles) character file.

Game seed: 13074248260211190987

3436 issech the Basher (level 9, -8/79 HPs)
             Began as a Troll Monk on Apr 26, 2022.
             Was a Priest of Hepliaklqana.
             Mangled by a tengu warrior
             ... wielding a +1 great mace
              (19 damage)
             ... on level 9 of the Dungeon.
             The game lasted 00:24:23 (6903 turns).

issech the Basher (Troll Monk)                      Turns: 6903, Time: 00:24:24

Health: -8/79      AC: 10    Str: 25    XL:     9   Next: 77%
Magic:  8/8        EV: 15    Int: 10    God:    Hepliaklqana [***...]
Gold:   220        SH:  8    Dex: 20    Spells: 8/8 levels left

rFire   . . .      SeeInvis .   B - +1 flail (vorpal)
rCold   . . .      Faith    .   Z - +0 kite shield
rNeg    + . .      Spirit   .   N - +4 robe of Augmentation {Str+4 Int+4 Dex+4}
rPois   .          Reflect  .   (helmet restricted)
rElec   .          Harm     .   K - +1 cloak
rCorr   .          Rampage  .   (gloves unavailable)
Will    .....                   (boots unavailable)
Stlth   +++.......              I - amulet of the acrobat
HPRegen 1.03/turn               d - ring of positive energy
MPRegen 0.11/turn               q - +4 ring of evasion

@: about to teleport
A: reduced essence, large, unfitting armour, claws 3, regeneration 1, shaggy fur
1, tough skin 1
a: Renounce Religion, Recall Ancestor, Ancestor Identity, Transference


You were on level 9 of the Dungeon.
You worshipped Hepliaklqana.
Hepliaklqana was most pleased with you.
You visited 2 branches of the dungeon, and saw 10 of its levels.

You collected 276 gold pieces.
You spent 56 gold pieces at shops.

Inventory:

Hand Weapons
 a - a +0 mace
 k - a +1 antimagic dagger
 x - a +1 dagger of venom
 y - a +3 hunting sling
 z - a +2 trident of protection
 B - a +1 vorpal flail (weapon)
 F - a +0 giant club
 Q - a +0 war axe
 R - a +2 whip of venom
Missiles
 e - 288 stones
 f - 8 curare-tipped darts
 h - 20 poisoned darts
 o - 73 arrows
 u - 67 bolts
 L - 20 sling bullets
 U - 2 boomerangs (quivered)
 Y - a throwing net
Armour
 b - a +0 robe
 K - a +1 cloak (worn)
 N - the +4 robe of Augmentation (worn) {Str+4 Int+4 Dex+4}
   (You found it on level 6 of the Dungeon)

   Str:       It affects your strength (+4).
   Int:       It affects your intelligence (+4).
   Dex:       It affects your dexterity (+4).
 Z - a +0 kite shield (worn)
Jewellery
 d - a ring of positive energy (left claw)
 j - a ring of ice
 q - a +4 ring of evasion (right claw)
 E - a ring of wizardry
 I - an amulet of the acrobat (around neck)
 S - a +6 ring of intelligence
 W - an amulet of magic regeneration
Wands
 C - a wand of iceblast (6)
Scrolls
 c - 4 scrolls of magic mapping
 g - 2 scrolls of blinking
 i - 5 scrolls of silence
 m - 4 scrolls of teleportation
 n - 4 scrolls of vulnerability
 p - a scroll of fog
 t - a scroll of holy word
 A - 2 scrolls of amnesia
 D - a scroll of immolation
 G - 2 scrolls of enchant weapon
 J - a scroll of enchant armour
 X - 3 scrolls of identify
Potions
 l - 4 potions of curing {unknown}
 r - a potion of berserk rage {unknown}
 s - 2 potions of lignification {unknown}
 v - 3 potions of flight {unknown}
 w - 3 potions of heal wounds {unknown}
 H - a potion of attraction {unknown}
 M - 2 potions of haste {unknown}
 O - a potion of resistance {unknown}
 P - 2 potions of magic {unknown}
 T - a potion of brilliance {unknown}
 V - a potion of might {unknown}


   Skills:
 + Level 5.3 Fighting
 + Level 2.6 Short Blades
 + Level 8.2 Maces & Flails
 + Level 4.3 Throwing
 + Level 5.5 Dodging
 + Level 2.7 Stealth


You had 8 spell levels left.
You didn't know any spells.
Your spell library contained the following spells:

 Spells                   Type           Power      Damage    Failure   Level
 Beastly Appendage        Tmut           0%         N/A       71%         1
 Pain                     Necr           0%         1d4       71%         1
 Slow                     Hex            0%         N/A       71%         1
 Summon Small Mammal      Summ           0%         N/A       71%         1
 Wereblood                Tmut           0%         N/A       83%         2
 Call Canine Familiar     Summ           0%         N/A       97%         3
 Confusing Touch          Hex            0%         N/A       97%         3
 Spider Form              Tmut/Pois      0%         N/A       97%         3
 Summon Guardian Golem    Hex/Summ       0%         N/A       97%         3
 Vampiric Draining        Necr           0%         2d6       97%         3
 Dispel Undead            Necr           0%         3d6       100%        4
 Yara's Violent Unravell  Hex/Tmut       0%         3d3       100%        5
 Enfeeble                 Hex            0%         N/A       100%        7


Dungeon Overview and Level Annotations

Branches:
Dungeon (9/15)             Temple (1/1) D:4
   Lair: D:8-11         Orc: D:9-12

Altars:
Ashenzari
Cheibriados
Dithmenos
Elyvilon
Fedhas
Gozag
Hepliaklqana
Kikubaaqudgha
Makhleb
Nemelex Xobeh
Okawaru
Qazlal
Ru
Sif Muna
Trog
Uskayaw
Vehumet
Wu Jian
Xom
Yredelemnul
Zin
The Shining One

Shops:
D:2 ([   D:8 [   D:9 ?


Innate Abilities, Weirdness & Mutations

Your life essence is reduced to manifest your ancestor. (-10% HP)
You are too large for most types of armour.
You have claws for hands.
Your natural rate of healing is unusually fast.
You are covered in fur. (AC +1)
You have tough skin. (AC +1)


Message History

You catch the helpless boulder beetle completely off-guard!
You hit the boulder beetle but do no damage.
The boulder beetle is severely wounded.
Ahmose hits the boulder beetle but does no damage.
The boulder beetle barely misses you.
You completely miss the boulder beetle.
The boulder beetle is severely wounded.
Ahmose hits the boulder beetle but does no damage.
The boulder beetle leaps!
You hit the tengu warrior.
The tengu warrior is lightly wounded.
Ahmose barely misses the tengu warrior.
The tengu warrior hits you with a +1 great mace!
The tengu warrior pecks you but does no damage.
The tengu warrior claws you.
Ahmose hits the tengu warrior with a +0 quarterstaff.
You hit the tengu warrior but do no damage.
The tengu warrior is lightly wounded.
The tengu warrior hits you with a +1 great mace!
The tengu warrior pecks you.
* * * LOW HITPOINT WARNING * * *
The tengu warrior claws you but does no damage.
Ahmose hits the tengu warrior with a +0 quarterstaff.
You closely miss the tengu warrior.
The tengu warrior is lightly wounded.
The tengu warrior hits you with a +1 great mace!
* * * LOW HITPOINT WARNING * * *
You block the tengu warrior's attack.
The tengu warrior completely misses you.
Ahmose gestures at the tengu warrior while chanting.
The stone arrow hits the tengu warrior!
As you read the scroll of teleportation, it crumbles to dust.
You feel strangely unstable. You block the tengu warrior's attack.
The tengu warrior pecks you but does no damage.
The tengu warrior closely misses you.
Ahmose hits the tengu warrior with a +0 quarterstaff!!
You thump the tengu warrior!
The tengu warrior is severely wounded.
The tengu warrior hits you with a +1 great mace!!
You die...

# ## .. #. .. .#
##.#.B ###. #e.H.
###..##Y.#
#.....##@##Y#.###
#.....#RQ#.#..#.#
#..##.###C.###..#
#..<..# ###.#####
P..
#.....###.R...##
..#
#.....##.......# ..
#.....#...###...#..
. #.....#..##
#..#.. ####
#..#.....# ....


You could see the friendly Ahmose the battlemage, a tengu warrior (ally target)
and a cyclops.

Vanquished Creatures
  An unseen horror (shapeshifter) (D:9)
  A wyvern (D:7)
  An orc warrior (D:9)
  2 black bears
  An ice beast (D:5)
  2 ogres (D:5)
  A sky beast (D:8)
  A gnoll sergeant (D:7)
  3 scorpions
  2 jellies
  A howler monkey (D:6)
  3 centaur zombies
  A hound (D:6)
  A gnoll shaman (D:7)
  Natasha (thrice) (D:3)
  3 iguanas
  A hound zombie (D:5)
  7 adders
  11 gnolls
  An ufetubus (D:5)
  2 worms
  5 dart slugs
  17 orcs
  5 ball pythons
  7 endoplasms
  3 giant cockroaches (D:2)
  4 goblins
  4 hobgoblins
  3 jackals (D:3)
  2 quokkas (D:3)
  7 bats
  4 frilled lizards
  15 kobolds
  6 rats
131 creatures vanquished.

Vanquished Creatures (collateral kills)
  A yak (D:9)
  A steam dragon (D:8)
  2 water moccasins
  2 black bears (D:7)
  3 kobold brigands
  3 bullfrogs
  A gnoll sergeant (D:9)
  A water moccasin skeleton (D:6)
  A howler monkey (D:7)
  An orc priest (D:7)
  A gnoll shaman (D:8)
  2 hounds (D:6)
  2 orc wizards
  A killer bee zombie (D:8)
  6 gnolls
  A shadow imp (D:6)
  6 orcs
  9 kobolds
44 creatures vanquished.

Vanquished Creatures (others)
  6 fungi (D:9)
  7 plants
13 creatures vanquished.

Grand Total: 188 creatures vanquished

Notes
Turn   | Place    | Note
-------+----------+-------------------------------------------
     0 | D:1      | issech the Troll Monk began the quest for the Orb.
     0 | D:1      | Reached XP level 1. HP: 22/22 MP: 0/0
    12 | D:1      | Found a faded altar of an unknown god.
   127 | D:1      | Reached XP level 2. HP: 25/29 MP: 1/1
   221 | D:1      | Reached skill level 3 in Maces & Flails
   751 | D:2      | Reached XP level 3. HP: 36/36 MP: 0/2
  1055 | D:2      | Found Pearuv's Antique Armour Boutique.
  1130 | D:2      | Found Erghevimoo's Weapon Shoppe.
  1271 | D:3      | Noticed Natasha
  1286 | D:3      | Killed Natasha
  1287 | D:3      | Reached XP level 4. HP: 22/44 MP: 1/3
  1343 | D:3      | Reached skill level 1 in Short Blades
  1480 | D:3      | Noticed Natasha
  1487 | D:3      | Killed Natasha
  1488 | D:3      | Reached XP level 5. HP: 53/53 MP: 4/4
  1885 | D:3      | Noticed Natasha
  1895 | D:3      | Killed Natasha
  2133 | D:4      | Found a staircase to the Ecumenical Temple.
  2206 | Temple   | Entered the Ecumenical Temple
  2521 | D:4      | Reached XP level 6. HP: 61/61 MP: 5/5
  2676 | D:4      | Found an ornate altar of the Wu Jian Council.
  2871 | D:4      | Reached skill level 4 in Maces & Flails
  2902 | D:5      | Entered Level 5 of the Dungeon
  2959 | D:5      | Reached skill level 1 in Throwing
  2959 | D:5      | Reached XP level 7. HP: 67/67 MP: 6/6
  3138 | D:5      | Got the Catalogue of Entrancing Sinister Arts
  3478 | D:5      | Reached skill level 5 in Maces & Flails
  3639 | D:5      | Found a sacrificial altar of Ru.
  3781 | D:6      | Found a hazy altar of Hepliaklqana.
  3789 | D:6      | Became a worshipper of Hepliaklqana the Forgotten
  3789 | D:6      | Reached * piety under Hepliaklqana
  3789 | D:6      | Reached ** piety under Hepliaklqana
  3790 | D:6      | Remembered your ancestor Ahmose as a battlemage
  4104 | D:6      | Reached XP level 8. HP: 62/70 MP: 7/7
  4399 | D:6      | Found the +4 robe of Augmentation {Str+4 Int+4 Dex+4}
  4650 | D:7      | Reached skill level 6 in Maces & Flails
  5420 | D:7      | Reached skill level 7 in Maces & Flails
  5428 | D:7      | Reached skill level 5 in Dodging
  5684 | D:8      | Reached *** piety under Hepliaklqana
  5757 | D:8      | Reached XP level 9. HP: 70/76 MP: 8/8
  6057 | D:8      | Reached skill level 5 in Fighting
  6093 | D:8      | Found a broken altar of Ashenzari.
  6304 | D:8      | Found Panaorau's Armour Boutique.
  6672 | D:9      | Found Egreu's Magic Scroll Shoppe.
  6717 | D:9      | Bought a scroll of identify for 28 gold pieces
  6717 | D:9      | Bought a scroll of identify for 28 gold pieces
  6864 | D:9      | Reached skill level 8 in Maces & Flails
  6866 | D:9      | Noticed a deep elf pyromancer
  6867 | D:9      | Noticed a manticore
  6868 | D:9      | Noticed a tengu warrior
  6868 | D:9      | Noticed a boulder beetle
  6887 | D:9      | Killed an unseen horror
  6891 | D:9      | Noticed a cyclops
  6903 | D:9      | Mangled by a tengu warrior

Illustrated notes

Levels and vault maps discovered:
D:1:      dpeg_arrival_connections, layout_rooms,
          hellmonk_ecumenical_altar_crossroads
D:2:      layout_basic, serial_shops, shop, nicolae_shop_trees
D:3:      layout_loops_ring, uniq_natasha
D:4:      layout_rooms, nicolae_wu_jian_immortal_techniques,
          minmay_temple_entry_drinking_statues
D:5:      layout_basic, nicolae_ru_the_path_less_chosen
D:6:      layout_basic, mainiacjoe_overflow_six_doors_small, dk_noncrumbling_3,
          patterned_corridor
D:7:      layout_basic
D:8:      layout_gridville, mainiacjoe_overflow_alcove_2, serial_shops,
          nicolae_shop_waterfront, minmay_misc_feat_four_crosses
D:9:      minmay_the_grid_3x2 [minmay_the_grid_outer_circle,
          minmay_the_grid_all_tris, minmay_the_grid_small_cups,
          minmay_the_grid_plusring, minmay_the_grid_minigrid_small_alt,
          minmay_the_grid_prize_big_room], layout_stronghold,
          grunt_lair_entry_orc_guard_hut, serial_shops, shop_statue
Temple:   dpeg_five_rooms_temple

Skill      XL: |  1  2  3  4  5  6  7  8  9 |
---------------+----------------------------+-----
Maces & Flails | 3 4 5 7 8 |  8.2
Dodging        | 3 4 5 |  5.5
Short Blades   | 1 2 |  2.6
Fighting       | 3 4 5 |  5.3
Throwing       | 1 2 3 4 |  4.3
Stealth        | 2 |  2.7

Action                   |  1- 3 |  4- 6 |  7- 9 || total
-------------------------+-------+-------+-------++-------
Melee: Mace              |    44 |       |       ||    44
       Dagger            |    79 |    94 |       ||   173
       Punch             |       |     4 |       ||     4
       Flail             |       |    86 |   210 ||   296
Throw: Stone             |       |     6 |    44 ||    50
       Boomerang         |       |    16 |    30 ||    46
Invok: Ancestor Life: Ba |       |       |     1 ||     1
  Use: Scroll            |     1 |       |    12 ||    13
 Stab: Sleeping          |     1 |     1 |     3 ||     5
       Distracted        |       |       |     4 ||     4
Armor: Robe              |    38 |    28 |    58 ||   124
Dodge: Dodged            |    77 |   137 |   235 ||   449
Block: Kite shield       |       |       |    10 ||    10
